 Dungeon Crawl Stone Soup version 0.28-a0-1382-g92835e5c71 (webtiles) character file.

Game seed: 5726185074099927395

592 willcat the Covert (level 7, -12/56 HPs)
             Began as a Gnoll Brigand on Jan 1, 2022.
             Killed by divine providence
             ... invoked by an orc priest
              (14 damage)
             ... on level 6 of the Dungeon.
             The game lasted 00:03:07 (4814 turns).

willcat the Covert (Gnoll Brigand)                  Turns: 4814, Time: 00:03:08

Health: -12/56     AC:  3    Str: 10    XL:     7   Next: 39%
Magic:  8/10       EV: 17    Int: 12    God:
Gold:   177        SH:  0    Dex: 14    Spells: 7/10 levels left

rFire   . . .      SeeInvis .   a - +2 dagger
rCold   . . .      Faith    .   (no shield)
rNeg    . . .      Spirit   .   b - +0 robe
rPois   .          Reflect  .   (no helmet)
rElec   .          Harm     .   c - +0 cloak
rCorr   .          Rampage  .   (no gloves)
Will    +....                   (no boots)
Stlth   ++++......              (no amulet)
HPRegen 0.18/turn               j - +4 ring of evasion
MPRegen 0.12/turn               m - ring of willpower

@: studying Armour
A: fangs 1, strong nose, distributed training
a: no special abilities


You were on level 6 of the Dungeon.
You visited 1 branch of the dungeon, and saw 6 of its levels.

You collected 201 gold pieces.
You spent 24 gold pieces at shops.

Inventory:

Hand Weapons
 a - a +2 dagger (weapon)
 u - a +0 rapier of freezing
Missiles
 d - 39 poisoned darts (quivered)
 e - 5 curare-tipped darts
Armour
 b - a +0 robe (worn)
 c - a +0 cloak (worn)
Jewellery
 j - a +4 ring of evasion (left hand)
 m - a ring of willpower (right hand)
 r - a ring of ice
Wands
 v - a wand of acid (7)
 x - a wand of charming (12)
Scrolls
 f - 2 scrolls of fog
 g - 2 scrolls of teleportation {unknown}
 i - 3 scrolls of silence {unknown}
 o - a scroll of brand weapon
 s - a scroll of vulnerability {unknown}
 t - a scroll of acquirement {unknown}
 y - 2 scrolls of fear {unknown}
Potions
 h - 2 potions of flight {unknown}
 k - a potion of mutation {unknown}
 l - a potion of magic {unknown}
 n - a potion of haste {unknown}
 p - a potion of ambrosia {unknown}
 q - a potion of experience {unknown}
 w - a potion of resistance {unknown}
 z - a potion of might {unknown}


   Skills:
 + Level 5.2 Fighting
 + Level 5.2 Short Blades
 + Level 2.4 Long Blades
 + Level 2.4 Axes
 + Level 2.4 Maces & Flails
 + Level 2.4 Polearms
 + Level 2.4 Staves
 + Level 2.4 Slings
 + Level 2.4 Bows
 + Level 2.4 Crossbows
 + Level 5.2 Throwing
 + Level 3.0 Armour
 + Level 3.6 Dodging
 + Level 8.2 Stealth
 + Level 2.4 Shields
 + Level 2.4 Unarmed Combat
 + Level 2.4 Spellcasting
 + Level 2.0 Conjurations
 + Level 2.0 Hexes
 + Level 2.0 Summonings
 + Level 2.0 Necromancy
 + Level 2.0 Translocations
 + Level 2.0 Transmutations
 + Level 2.0 Fire Magic
 + Level 2.0 Ice Magic
 + Level 2.0 Air Magic
 + Level 2.0 Earth Magic
 + Level 2.0 Poison Magic
 + Level 2.7 Invocations
 + Level 2.4 Evocations


You had 7 spell levels left.
You knew the following spells:

 Your Spells              Type           Power      Damage    Failure   Level
a - Call Canine Familiar  Summ           6%         N/A       34%         3

Your spell library contained the following spells:

 Spells                   Type           Power      Damage    Failure   Level
 Sandblast                Erth           12%        2d6       12%         1
 Slow                     Hex            24%        N/A       12%         1
 Summon Small Mammal      Summ           24%        N/A       12%         1
 Corpse Rot               Necr/Air       12%        N/A       17%         2
 Passwall                 Tmut/Erth      5%         N/A       17%         2
 Poisonous Vapours        Pois/Air       12%        N/A       17%         2
 Confusing Touch          Hex            6%         N/A       34%         3
 Portal Projectile        Hex/Tloc       12%        N/A       34%         3
 Stone Arrow              Conj/Erth      12%        3d7       34%         3
 Summon Guardian Golem    Hex/Summ       6%         N/A       34%         3
 Vampiric Draining        Necr           6%         2d6       34%         3
 Leda's Liquefaction      Hex/Erth       3%         N/A       75%         4


Dungeon Overview and Level Annotations

Branches:
Dungeon (6/15)
 Temple: D:4-7

Altars:
Hepliaklqana
Nemelex Xobeh
Qazlal

Shops:
D:3 *   D:4 =


Innate Abilities, Weirdness & Mutations

You have very sharp teeth.
Your uncanny sense of smell can sniff out nearby items.
Your experience applies equally to all skills.


Message History

The centaur zombie kicks you but does no damage.
The centaur zombie moves out of view.
The orc priest calls down the wrath of Beogh upon you.
Beogh smites you!
The orc priest invokes the aid of Beogh against you.
Beogh smites you! The centaur zombie hits you. The centaur zombie kicks you.
The orc priest looks encouraged for a moment.
Casting: Call Canine Familiar (dangerous; 34% risk of failure)
Confirm with . or Enter, or press ? or * to list all spells.
The centaur zombie misses you. The centaur zombie kicks you.
Your hound bites the centaur zombie.
The centaur zombie misses you.
The centaur zombie kicks you but does no damage.
You see here 16 gold pieces.
Your hound bites the centaur zombie.
The centaur zombie hits you. The centaur zombie kicks you.
Your hound bites the centaur zombie.
The orc wizard casts a spell.
The orc wizard flickers and vanishes!
Deactivating autopickup; reactivate with Ctrl-A.
The orc priest calls down the wrath of Beogh upon you.
Beogh smites you!
* * * LOW HITPOINT WARNING * * *
Your hound bites the centaur zombie.
The orc priest looks encouraged for a moment.
The centaur zombie closely misses you. The centaur zombie barely misses you.
Your hound bites the centaur zombie.
The orc priest casts a cantrip, but nothing happens.
The orc priest calls down the wrath of Beogh upon you.
Your hound barely resists.
Your hound bites the centaur zombie.
The orc priest mumbles some strange prayers to Beogh against you.
Beogh smites you!
* * * LOW HITPOINT WARNING * * *
There is a stone staircase leading up here.
The centaur zombie misses you. x2; Your hound bites the centaur zombie.
The orc priest looks encouraged for a moment.
The centaur zombie barely misses you. x2
The orc priest invokes the aid of Beogh against you.
Beogh smites you!
You die...

##...............
#.o.....##.......
#.......######..#
##o......# #..
.#. #.......## ..
#.##...## ##..
#h###### ... #Z#
#.. #@# #..##.#
#...#.# #...#
#..## .....
#######


You could see 2 orc priests, a centaur zombie (ally target) and a friendly hound
(summoned).

Vanquished Creatures
  Eustachio (D:4)
  A bullfrog (D:4)
  A water moccasin skeleton (D:6)
  A wight (D:4)
  A jelly (D:5)
  A hound (D:4)
  2 bullfrog skeletons (D:5)
  2 orc wizards (D:5)
  5 adders
  A shadow imp (D:5)
  An ufetubus (D:6)
  An adder skeleton (D:4)
  2 worms
  4 dart slugs
  An orc (D:5)
  6 endoplasms
  2 giant cockroaches (D:2)
  4 goblins
  8 hobgoblins
  3 jackals (D:1)
  5 kobolds
  A quokka (D:1)
  4 ball pythons
  6 bats
  6 frilled lizards
  9 rats
79 creatures vanquished.

Notes
Turn   | Place    | Note
-------+----------+-------------------------------------------
     0 | D:1      | willcat the Gnoll Brigand began the quest for the Orb.
     0 | D:1      | Reached XP level 1. HP: 20/20 MP: 1/1
   183 | D:1      | Reached XP level 2. HP: 26/26 MP: 2/2
   491 | D:1      | Found a faded altar of an unknown god.
   609 | D:1      | Reached XP level 3. HP: 31/31 MP: 3/3
  1060 | D:2      | Reached skill level 1 in Invocations
  1083 | D:2      | Reached skill level 1 in Long Blades
  1083 | D:2      | Reached skill level 1 in Axes
  1083 | D:2      | Reached skill level 1 in Maces & Flails
  1083 | D:2      | Reached skill level 1 in Polearms
  1083 | D:2      | Reached skill level 1 in Staves
  1083 | D:2      | Reached skill level 1 in Slings
  1083 | D:2      | Reached skill level 1 in Bows
  1083 | D:2      | Reached skill level 1 in Crossbows
  1083 | D:2      | Reached skill level 1 in Armour
  1083 | D:2      | Reached skill level 1 in Shields
  1083 | D:2      | Reached skill level 1 in Unarmed Combat
  1083 | D:2      | Reached skill level 1 in Spellcasting
  1083 | D:2      | Reached skill level 1 in Evocations
  1485 | D:2      | Reached XP level 4. HP: 28/38 MP: 5/5
  1869 | D:2      | Found a hazy altar of Hepliaklqana.
  2111 | D:3      | Found a sparkling altar of Nemelex Xobeh.
  2240 | D:3      | Found Tuoro's General Store.
  2256 | D:3      | Bought a scroll of identify for 24 gold pieces
  2603 | D:3      | Reached skill level 1 in Conjurations
  2603 | D:3      | Reached skill level 1 in Hexes
  2603 | D:3      | Reached skill level 1 in Summonings
  2603 | D:3      | Reached skill level 1 in Necromancy
  2603 | D:3      | Reached skill level 1 in Translocations
  2603 | D:3      | Reached skill level 1 in Transmutations
  2603 | D:3      | Reached skill level 1 in Fire Magic
  2603 | D:3      | Reached skill level 1 in Ice Magic
  2603 | D:3      | Reached skill level 1 in Air Magic
  2603 | D:3      | Reached skill level 1 in Earth Magic
  2603 | D:3      | Reached skill level 1 in Poison Magic
  2675 | D:3      | Found a stormy altar of Qazlal.
  2957 | D:4      | Reached XP level 5. HP: 33/43 MP: 5/7
  3077 | D:4      | Reached skill level 8 in Stealth
  3296 | D:4      | Reached XP level 6. HP: 50/50 MP: 8/8
  3355 | D:4      | Noticed Eustachio
  3359 | D:4      | Killed Eustachio
  3360 | D:4      | Reached skill level 5 in Fighting
  3360 | D:4      | Reached skill level 5 in Short Blades
  3360 | D:4      | Reached skill level 5 in Throwing
  3494 | D:4      | Found Ryil's Jewellery Shoppe.
  3562 | D:4      | Learned a level 3 spell: Call Canine Familiar
  3821 | D:5      | Entered Level 5 of the Dungeon
  3934 | D:5      | Reached XP level 7. HP: 39/56 MP: 10/10
  4813 | D:6      | HP: 2/56 [orc priest/divine providence (9)]
  4814 | D:6      | Killed from afar by an orc priest

Illustrated notes

Levels and vault maps discovered:
D:1:      lightli_arrival_chessboard, layout_basic,
          ebering_ecumenical_altar_abandoned, minmay_statues_item,
          minmay_misc_feat_cross, chequers_serial_rivers_micro_b
D:2:      layout_loops_ring, basic_altar, st_stairs_1
D:3:      layout_basic, nemelex_altar_shiori, grunt_qazlal_clouds, serial_shops,
          nicolae_shop_stone
D:4:      layout_basic, minmay_shop_enchanted_jewellery, minmay_misc_feat_tiny,
          minmay_manual_mess, uniq_eustachio
D:5:      layout_cave_pods
D:6:      layout_rooms, tso_metal_star, minmay_temple_entry_antechambers

Skill      XL: |  1  2  3  4  5  6  7 |
---------------+----------------------+-----
Invocations    | 1 2 |  2.7
Long Blades    | 1 2 |  2.4
Axes           | 1 2 |  2.4
Maces & Flails | 1 2 |  2.4
Polearms       | 1 2 |  2.4
Staves         | 1 2 |  2.4
Slings         | 1 2 |  2.4
Bows           | 1 2 |  2.4
Crossbows      | 1 2 |  2.4
Armour         | 1 2 3 |  3.0
Shields        | 1 2 |  2.4
Unarmed Combat | 1 2 |  2.4
Spellcasting   | 1 2 |  2.4
Evocations     | 1 2 |  2.4
Conjurations   | 1 2 |  2.0
Hexes          | 1 2 |  2.0
Summonings     | 1 2 |  2.0
Necromancy     | 1 2 |  2.0
Translocations | 1 2 |  2.0
Transmutations | 1 2 |  2.0
Fire Magic     | 1 2 |  2.0
Ice Magic      | 1 2 |  2.0
Air Magic      | 1 2 |  2.0
Earth Magic    | 1 2 |  2.0
Poison Magic   | 1 2 |  2.0
Dodging        | 3 |  3.6
Stealth        | 8 |  8.2
Fighting       | 5 |  5.2
Short Blades   | 5 |  5.2
Throwing       | 5 |  5.2

Action                   |  1- 3 |  4- 6 |  7- 9 || total
-------------------------+-------+-------+-------++-------
Melee: Dagger            |   123 |   142 |    52 ||   317
       Bite              |     9 |    14 |    13 ||    36
       Punch             |       |     1 |     2 ||     3
 Cast: Call Canine Famil |       |       |     2 ||     2
  Use: Scroll            |       |     3 |       ||     3
 Stab: Sleeping          |    10 |    16 |     2 ||    28
Armor: Robe              |    37 |    15 |    11 ||    63
Dodge: Dodged            |    74 |    77 |    41 ||   192

Table legend: (Time is in decaauts)
 A = Elapsed time spent in this place.
 B = Non-inter-level travel time spent in this place.
 C = Inter-level travel time spent in this place.
 D = Time resting spent in this place.
 E = Time spent auto-exploring this place.
 F = Levels seen in this place.
 G = Mean time per level.
                   A        B        C        D        E       F      G
               +--------+--------+--------+--------+--------+-----+--------+
         Total |   4737 |   4611 |    126 |      0 |   3961 |   6 |  789.5 |
       Dungeon |   4737 |   4611 |    126 |      0 |   3961 |   6 |  789.5 |
               +--------+--------+--------+--------+--------+-----+--------+

Top non-repeatable levels by time:
     D:2: 1189 daAuts
     D:4: 879 daAuts
     D:1: 869 daAuts
     D:5: 827 daAuts
     D:3: 823 daAuts
     D:6: 148 daAuts
